 Dungeon Crawl Stone Soup version 0.28.0-1-gb440e238dd (webtiles) character file.

Game seed: 5791575781405933201

113640 jfcaron the Zephyrmancer (level 16, -1/141 HPs)
             Began as an Ogre Summoner on Feb 17, 2022.
             Was a High Priest of Sif Muna.
             Slain by a +7 long sword (13 damage)
             ... on level 14 of the Dungeon on Feb 20, 2022.
             The game lasted 02:10:36 (39106 turns).

jfcaron the Zephyrmancer (Ogre Summoner)           Turns: 39106, Time: 02:10:37

Health: -1/141     AC:  9    Str: 16    XL:     16   Next: 63%
Magic:  30/30      EV: 10    Int: 25    God:    Sif Muna [*****.]
Gold:   1701       SH:  0    Dex: 12    Spells: 3/36 levels left

rFire   . . .      SeeInvis +   j - +2 spear (vorpal)
rCold   + . .      Faith    .   (no shield)
rNeg    . . .      Spirit   .   C - +0 steam dragon scales
rPois   .          Reflect  .   i - +1 hat {Int+3}
rElec   .          Harm     .   w - +1 cloak
rCorr   .          Rampage  .   (gloves unavailable)
Will    +....                   (boots unavailable)
Stlth   ++........              z - amulet "Wealas" {RegenMP rC+ Dex+3}
HPRegen 0.33/turn               a - ring of wizardry
MPRegen 0.62/turn               y - ring of see invisible

@: no status effects
A: large, unfitting armour, tough skin 1
a: Renounce Religion, Channel Magic, Forget Spell, Divine Exegesis


You were on level 14 of the Dungeon.
You worshipped Sif Muna.
Sif Muna was extremely pleased with you.
You visited 4 branches of the dungeon, and saw 23 of its levels.
You also visited: Ossuary, Gauntlet and Ice Cave.

You collected 3562 gold pieces.
You spent 1861 gold pieces at shops.

Inventory:

Hand Weapons
 j - a +2 vorpal spear (weapon)
 q - the +5 spear "Mijo Fim" {chaos, rElec Str+2 Int-3 Dex+8}
   (You found it on level 6 of the Lair of Beasts)

   Each time it hits an enemy it has a different, random effect.
   Str:       It affects your strength (+2).
   Int:       It affects your intelligence (-3).
   Dex:       It affects your dexterity (+8).
   rElec:     It insulates you from electricity.
Missiles
 s - 18 large rocks
 F - 16 poisoned darts
 G - 4 throwing nets {!f}
 U - 5 curare-tipped darts {!f}
Armour
 i - a +1 hat of intelligence (worn)
 l - a +0 robe of fire resistance
 v - +1 ice dragon scales
 w - a +1 cloak (worn)
 C - +0 steam dragon scales (worn)
Jewellery
 a - a ring of wizardry (left hand)
 d - a +4 ring of evasion
 t - a ring of positive energy
 y - a ring of see invisible (right hand)
 z - the amulet "Wealas" (around neck) {RegenMP rC+ Dex+3}
   (You found it on level 5 of the Dungeon)

   [amulet of magic regeneration]

   It increases your rate of magic regeneration.
   Dex:       It affects your dexterity (+3).
   rC:        It protects you from cold.
 Q - a ring of willpower
 R - a ring of resist corrosion
 S - a ring of willpower
 V - a +4 ring of protection
Wands
 A - a wand of mindburst (6)
 I - a wand of iceblast (7)
 M - a wand of paralysis (20)
 N - a wand of digging (4)
Scrolls
 b - 7 scrolls of vulnerability
 h - 3 scrolls of magic mapping
 o - 11 scrolls of teleportation
 r - 2 scrolls of blinking
 u - a scroll of summoning
 E - a scroll of holy word
 K - 2 scrolls of fog
 T - a scroll of silence
 X - 2 scrolls of torment
 Y - 4 scrolls of fear
Potions
 c - 2 potions of cancellation
 e - 4 potions of flight
 f - 2 potions of resistance
 k - 9 potions of might
 m - 11 potions of heal wounds
 n - 9 potions of haste
 p - 7 potions of attraction
 B - 21 potions of curing
 D - 6 potions of lignification
 J - 3 potions of brilliance
 L - 2 potions of magic
 O - a potion of mutation
 P - 5 potions of invisibility
Miscellaneous
 x - a box of beasts
 H - a lightning rod (1/4)
 W - a tin of tremorstones (1/2)


   Skills:
 - Level 5.0 Fighting
 - Level 1.7 Dodging
 - Level 1.4 Stealth
 * Level 9.2 Unarmed Combat
 - Level 10.5 Spellcasting
 - Level 9.2 Summonings
 - Level 9.0 Translocations
 + Level 14.3 Transmutations
 + Level 14.6 Air Magic
 - Level 5.0 Invocations


You had 3 spell levels left.
You knew the following spells:

 Your Spells              Type           Power      Damage    Failure   Level
a - Manifold Assault      Tloc           55%        N/A       1%          5
b - Storm Form            Tmut/Air       36%        N/A       4%          7
c - Call Canine Familiar  Summ           56%        N/A       1%          3
d - Summon Guardian Gole  Hex/Summ       36%        N/A       1%          3
e - Summon Lightning Spi  Summ/Air       64%        N/A       1%          4
f - Blink                 Tloc           100%       N/A       1%          2
h - Airstrike             Air            36%        N/A       1%          4
i - Swiftness             Air            72%        N/A       1%          3
j - Passwall              Tmut/Erth      40%        N/A       1%          2

Your spell library contained the following spells:

 Spells                   Type           Power      Damage    Failure   Level
 Beastly Appendage        Tmut           100%       N/A       0%          1
 Animate Skeleton         Necr           26%        N/A       1%          1
 Pain                     Necr           52%        1d6       1%          1
 Sting                    Tmut/Pois      100%       1d8       1%          1
 Summon Small Mammal      Summ           100%       N/A       1%          1
 Call Imp                 Summ           56%        N/A       1%          2
 Corpse Rot               Necr/Air       98%        N/A       1%          2
 Static Discharge         Conj/Air       49%        N/A       1%          2
 Gell's Gravitas          Tloc           55%        N/A       1%          3
 Ignite Poison            Fire/Tmut/Pois 37%        N/A       1%          3
 Lesser Beckoning         Tloc           55%        N/A       1%          3
 Portal Projectile        Hex/Tloc       70%        N/A       1%          3
 Teleport Other           Tloc           55%        N/A       1%          3
 Ensorcelled Hibernation  Hex/Ice        26%        N/A       2%          2
 Conjure Flame            Conj/Fire      13%        6-21      6%          3
 Ozocubu's Armour         Ice            13%        N/A       6%          3
 Vampiric Draining        Necr           13%        2d6       6%          3
 Ice Form                 Ice/Tmut       49%        N/A       1%          4
 Petrify                  Tmut/Erth      49%        N/A       1%          4
 Blade Hands              Tmut           35%        N/A       1%          5
 Animate Armour           Summ/Erth      72%        N/A       2%          4
 Lightning Bolt           Conj/Air       24%        1d40      2%          5
 Iskenderun's Mystic Bla  Conj/Tloc      35%        2d8       3%          4
 Dragon Form              Tmut           35%        N/A       4%          7
 Freezing Cloud           Conj/Ice/Air   18%        6-21      7%          5
 Dispersal                Tloc           27%        N/A       8%          6
 Statue Form              Tmut/Erth      32%        N/A       16%         6
 Animate Dead             Necr           6%         N/A       19%         4
 Flame Wave               Conj/Fire      13%        2d6       19%         4
 Leda's Liquefaction      Hex/Erth       6%         N/A       19%         4
 Olgreb's Toxic Radiance  Pois           13%        N/A       19%         4
 Sticky Flame             Conj/Fire      13%        2d4       19%         4
 Lee's Rapid Deconstruct  Erth           6%         3d7*      45%         5
 Iron Shot                Conj/Erth      6%         9d2       94%         6
 Simulacrum               Ice/Necr       6%         N/A       94%         6
 Starburst                Conj/Fire      6%         6d4       94%         6
 Disjunction              Tloc           27%        N/A       95%         8
 Necromutation            Tmut/Necr      24%        N/A       99%         8
 Ozocubu's Refrigeration  Ice            6%         4d6       100%        7
 Borgnjor's Revivificati  Necr           6%         N/A       100%        8
 Ignition                 Fire           6%         3d4       100%        8
 Death's Door             Necr           6%         N/A       100%        9
 Polar Vortex             Ice            6%         N/A       100%        9


Dungeon Overview and Level Annotations

Branches:
Dungeon (14/15)            Temple (1/1) D:4            Lair (6/6) D:10
  Swamp (0/4) Lair:2        Snake (0/4) Lair:2        Slime (0/5) Lair:6
    Orc (2/2) D:10            Elf (0/3) Orc:2       Ossuary (visited)
  IceCv (visited)         Gauntlet (visited)
 Vaults: D:13-14

Altars:
Ashenzari
Cheibriados
Dithmenos
Elyvilon
Fedhas
Gozag
Hepliaklqana
Kikubaaqudgha
Makhleb
Nemelex Xobeh
Okawaru
Qazlal
Ru
Sif Muna
Trog
Uskayaw
Vehumet
Wu Jian
Xom
Yredelemnul
Zin
The Shining One
Jiyva
Lugonu

Shops:
D:8 :   D:12 !   D:13 :(   Orc:2 [**?

Portals:
Trove: D:14 (lose all piety)

Annotations:
D:13 2 transporters, Sanktem7's ghost, journeyman MiFi
Orc:1 1 runed translucent door, SweetAndFullOfGrace's ghost, journeyman MiBe


Innate Abilities, Weirdness & Mutations

You are too large for most types of armour.
You have tough skin. (AC +1)


Message History

Confirm with . or Enter, or press ? or * to list all spells.
The +7 long sword hits you!!
* * * LOW HITPOINT WARNING * * *
The +7 long sword hits you!
* * * LOW HITPOINT WARNING * * *
Unknown command.
The +7 long sword barely misses you.
You swap places.
Your wolf completely misses the +7 long sword.
The +7 long sword hits your wolf!
Your wolf misses the +7 long sword.
Things that are here:
a +0 scimitar; a +0 shortbow; 16 arrows; a centaur skeleton The +7 long sword completely misses your wolf.
Your wolf bites the +7 long sword.
The +7 long sword barely misses your wolf.
Your wolf misses the +7 long sword. The +7 long sword hits your wolf!!
Your wolf barely misses the +7 long sword.
Your guardian golem overheats!
Your wolf bites the +7 long sword but does no damage.
The +7 long sword hits your wolf. Flame seeps out of your guardian golem.
Your wolf completely misses the +7 long sword.
The +7 long sword hits your wolf!
Your wolf dies!
Your wolf's corpse disappears in a puff of smoke!
Flame seeps out of your guardian golem.
Your guardian golem is engulfed in blazing flames.
Flame seeps out of your guardian golem.
Aiming: Thunderbolt
Press: ? - help, Shift-Dir - straight line, f/p - +7 long sword
Aim: a +7 long sword (lightly damaged, ally target)
The thunderbolt hits the +7 long sword.
The +7 long sword completely resists.
The +7 long sword is lightly damaged.
Your guardian golem is engulfed in blazing flames.
Flame seeps out of your guardian golem.
Things that are here:
a +0 trident; a scroll of identify
There is an escape hatch in the ceiling here.
The +7 long sword hits you!
You die...

#> #.##.#
..#########..#.###
#.................
........ #..#... #####
....... #.(..# ....###
#.#...####....+ ..<....
#>#.........#.#+#......#
##.##.....<#.#...#.......
....†...........@.÷.†..##
....##...##.)..(†.......#
..^...........).......#.>
.#####..#.....#######.#
.. ###..#.#.#....P# # .#.
#. ##.#.#.#.###.# ...#...
#.#.÷)'.#?'.# ....
#.##...#9#.###.#
.#.#.#..#.#.#.#....P#


You could see a +7 long sword.

Vanquished Creatures
  Saint Roka (Orc:2)
  Gastronok (Lair:1)
  A frost giant (IceCv)
  Azrael (Orc:1)
  A minotaur (Gauntlet)
  Snorg (Orc:2)
  Josephine (D:13)
  Harold (D:7)
  4 boulder beetles
  4 hydras
  9 two-headed ogres
  4 catoblepae (Lair:6)
  An ogre mage (Orc:2)
  3 centaur warriors
  A dancing weapon (D:14)
  18 death yaks
  Urug (D:11)
  5 orc high priests
  A tengu warrior (Gauntlet)
  Sonja (Orc:2)
  A fire crab (Gauntlet)
  A skeletal warrior (D:14)
  5 deep elf zephyrmancers (Orc:1)
  9 orc knights
  A lindwurm (shapeshifter) (D:14)
  A harpy (D:14)
  6 deep elf pyromancers
  4 ugly things (D:14)
  2 manticores (Lair:6)
  3 cyclopes
  An oklob plant (Lair:4)
  18 elephants
  Maurice (Orc:1)
  6 black mambas
  2 molten gargoyles (Lair:3)
  A torpor snail (Gauntlet)
  An ice statue (IceCv)
  13 cane toads
  A cane toad (shapeshifter) (D:14)
  2 gargoyles (D:12)
  10 rime drakes
  2 unseen horrors
  6 komodo dragons
  A yaktaur (D:14)
  2 tengu conjurers
  Maggie (D:6)
  4 polar bears (IceCv)
  A hornet (D:9)
  23 blink frogs
  8 trolls
  5 dream sheep (Lair:6)
  A meliai zombie (D:10)
  Sigmund (D:2)
  2 shadows
  5 wraiths
  3 fire elementals
  10 wyverns
  3 fire bats (Gauntlet)
  97 yaks
  5 basilisks
  A steam dragon (D:9)
  3 wargs
  Menkaure (D:6)
  3 vampire mosquitoes (D:14)
  2 swamp worms (Lair:2)
  6 nagas (Lair:2)
  2 acid dragons
  5 hell hounds
  15 water moccasins
  Duvessa (D:5)
  Edmund (D:6)
  37 orc warriors
  An ice beast (D:6)
  2 sky beasts
  4 black bears
  22 wolves
  11 ogres
  10 centaurs
  A phantom (D:6)
  2 kobold brigands
  Blork the orc (D:5)
  15 bullfrogs
  A scorpion (D:5)
  Dowan (D:5)
  A water moccasin skeleton (D:5)
  13 wights
  5 howler monkeys
  4 electric eels
  A crimson imp (D:4)
  4 centaur zombies
  A human zombie (Ossuary)
  5 lava snakes (Lair:3)
  A centaur skeleton (D:5)
  28 orc priests
  4 hounds
  2 jellies
  A gnoll shaman (D:7)
  Crazy Yiuf (D:4)
  2 bullfrog skeletons (D:5)
  Terence (D:2)
  4 iguanas
  10 orc wizards
  Natasha (thrice) (D:4)
  A scorpion zombie (D:5)
  3 hound skeletons
  A howler monkey zombie (D:9)
  3 mummies (Ossuary)
  6 gnolls
  3 adders
  A shadow imp (D:5)
  2 white imps
  An ufetubus (D:5)
  A worm zombie (D:8)
  An adder skeleton (D:4)
  2 worms
  2 dart slugs
  70 orcs
  5 ball pythons
  9 endoplasms
  2 giant cockroaches (D:3)
  A gnoll zombie (Ossuary)
  2 goblins
  6 hobgoblins
  4 jackals
  21 kobolds
  3 quokkas
  3 bats
  2 frilled lizards (D:1)
  2 goblin zombies (Ossuary)
  2 hobgoblin zombies (Ossuary)
  4 kobold zombies (Ossuary)
  8 rats
  3 butterflies
  65 fungi
  102 plants
  2 withered plants (Gauntlet)
911 creatures vanquished.

Notes
Turn   | Place    | Note
-------+----------+-------------------------------------------
     0 | D:1      | jfcaron the Ogre Summoner began the quest for the Orb.
     0 | D:1      | Reached XP level 1. HP: 16/16 MP: 3/3
   143 | D:1      | Reached skill level 1 in Fighting
   146 | D:1      | Reached XP level 2. HP: 7/27 MP: 2/5
   149 | D:1      | Learned a level 2 spell: Call Imp
   563 | D:1      | Found a faded altar of an unknown god.
   657 | D:1      | Reached XP level 3. HP: 33/35 MP: 1/7
   661 | D:1      | Learned a level 3 spell: Call Canine Familiar
  1625 | D:2      | Reached XP level 4. HP: 33/44 MP: 1/9
  1830 | D:2      | Noticed Terence
  1838 | D:2      | Killed Terence
  1881 | D:2      | Noticed Sigmund
  1913 | D:2      | Killed Sigmund
  1914 | D:2      | Reached XP level 5. HP: 32/54 MP: 0/11
  1914 | D:2      | Reached XP level 6. HP: 37/62 MP: 0/12
  1918 | D:2      | Learned a level 3 spell: Summon Guardian Golem
  2641 | D:3      | Found an opulent altar of Gozag.
  3128 | D:4      | Found a staircase to the Ecumenical Temple.
  3134 | Temple   | Entered the Ecumenical Temple
  3175 | Temple   | Became a worshipper of Sif Muna the Loreminder
  3320 | D:4      | Reached skill level 5 in Summonings
  3722 | D:4      | Found a bloodstained altar of Trog.
  3850 | D:4      | Reached skill level 5 in Spellcasting
  3912 | D:4      | Noticed Natasha
  3919 | D:4      | Killed Natasha
  3920 | D:4      | Reached XP level 7. HP: 60/71 MP: 14/14
  4124 | D:4      | Found a runed translucent door.
  4125 | D:4      | Noticed Crazy Yiuf
  4137 | D:4      | Killed Crazy Yiuf
  4138 | D:4      | Reached skill level 1 in Invocations
  4228 | D:5      | Entered Level 5 of the Dungeon
  4251 | D:5      | Identified a scroll of acquirement
  4251 | D:5      | Acquired 1028 gold pieces
  4251 | D:5      | Noticed Blork the orc
  4261 | D:5      | Killed Blork the orc
  4271 | D:5      | Reached skill level 5 in Fighting
  4288 | D:5      | Noticed Duvessa
  4436 | D:5      | Noticed Dowan
  4443 | D:4      | HP: 14/72 [hound (2)]
  4706 | D:4      | Noticed Natasha
  4714 | D:4      | Killed Natasha
  5103 | D:4      | Found a bloodstained altar of Trog.
  5157 | D:4      | Noticed Natasha
  5166 | D:4      | Killed Natasha
  5227 | D:5      | Found a radiant altar of Vehumet.
  5238 | D:5      | HP: 13/72 [hound (4)]
  5242 | D:5      | HP: 2/72 [Duvessa (12)]
  5568 | D:5      | Killed Dowan
  5585 | D:5      | HP: 6/72 [Duvessa (16)]
  5904 | D:5      | Killed Duvessa
  5905 | D:5      | Reached XP level 8. HP: 42/80 MP: 17/17
  6233 | D:5      | Learned a level 4 spell: Summon Lightning Spire
  6359 | D:5      | Reached * piety under Sif Muna
  6723 | D:5      | Noticed a two-headed ogre
  6735 | D:5      | Killed a two-headed ogre
  6736 | D:5      | Reached XP level 9. HP: 88/88 MP: 21/21
  7106 | D:5      | Found a large runed translucent door.
  7108 | D:5      | Found a large runed translucent door.
  7109 | D:5      | Noticed a two-headed ogre
  7118 | D:5      | Found a large runed translucent door.
  7118 | D:5      | Found a large runed translucent door.
  7144 | D:5      | Reached skill level 1 in Air Magic
  7303 | D:5      | Found an ornate altar of the Wu Jian Council.
  7403 | D:5      | Reached skill level 5 in Invocations
  7559 | D:5      | Killed a two-headed ogre
  7623 | D:5      | Identified the amulet "Wealas" {RegenMP rC+ Dex+3}
  7703 | D:6      | Learned a level 2 spell: Blink
  7707 | D:6      | Learned a level 3 spell: Ignite Poison
  7883 | D:6      | Noticed Maggie
  7893 | D:6      | Killed Maggie
  7894 | D:6      | Reached skill level 1 in Translocations
  7894 | D:6      | Reached skill level 1 in Transmutations
  7894 | D:6      | Reached XP level 10. HP: 81/96 MP: 22/22
  8026 | D:6      | Noticed Edmund
  8051 | D:6      | Killed Edmund
  8074 | D:6      | Identified the +1 rapier of Action {freeze, *Corrode Will+
                  | Str+2}
  8330 | D:6      | Noticed Menkaure
  8341 | D:6      | HP: 15/96 [??? (12)]
  8350 | D:6      | HP: 10/96 [??? (7)]
  8354 | D:6      | Killed Menkaure
  8824 | D:6      | Learned a level 4 spell: Airstrike
  9122 | D:6      | Found a hazy altar of Hepliaklqana.
  9129 | D:6      | Learned a level 3 spell: Swiftness
  9419 | D:7      | Noticed Harold
  9446 | D:7      | Killed Harold
  9726 | D:7      | Found a sparkling altar of Nemelex Xobeh.
  9734 | D:7      | Found a white marble altar of Elyvilon.
  9737 | D:7      | Found a shimmering altar of Xom.
  9742 | D:7      | Found a basalt altar of Yredelemnul.
  9748 | D:7      | Found a glowing golden altar of the Shining One.
 10521 | D:7      | Reached skill level 5 in Air Magic
 10975 | D:8      | Reached ** piety under Sif Muna
 11005 | D:8      | Found a sand-covered staircase.
 11030 | Ossuary  | Entered an ossuary
 11631 | D:8      | Found Lobeax's Book Emporium.
 11666 | D:8      | Found a snail-covered altar of Cheibriados.
 11699 | D:8      | Found an ancient bone altar of Kikubaaqudgha.
 12146 | D:9      | Paralysed by a hornet for 1 turns
 12150 | D:9      | Reached XP level 11. HP: 76/102 MP: 15/23
 12463 | D:9      | Reached skill level 5 in Translocations
 12463 | D:9      | Reached skill level 5 in Transmutations
 13000 | D:10     | Entered Level 10 of the Dungeon
 13025 | D:10     | Found a staircase to the Orcish Mines.
 13122 | D:10     | Found a blossoming altar of Fedhas.
 13322 | D:10     | Noticed a death yak
 13323 | D:10     | Noticed a death yak
 13324 | D:10     | Found a staircase to the Lair.
 13325 | D:10     | Noticed a death yak
 13348 | D:10     | Killed a death yak
 13358 | D:10     | Killed a death yak
 13358 | D:10     | Reached *** piety under Sif Muna
 13360 | D:10     | Killed a death yak
 13994 | Lair:1   | Entered Level 1 of the Lair of Beasts
 14063 | Lair:1   | Noticed Gastronok
 14098 | Lair:1   | Killed Gastronok
 14443 | Lair:1   | Reached XP level 12. HP: 111/111 MP: 19/24
 15269 | Lair:1   | Learned a level 2 spell: Passwall
 15779 | Lair:2   | Found a staircase to the Swamp.
 15789 | Lair:2   | HP: 22/111 [swamp worm (14)]
 15810 | Lair:2   | HP: 19/111 [wolf (8)]
 16342 | Lair:2   | Found a staircase to the Snake Pit.
 16815 | Lair:2   | Reached **** piety under Sif Muna
 16836 | Lair:2   | Learned a level 5 spell: Manifold Assault
 18211 | Lair:3   | HP: 22/111 [molten gargoyle (10)]
 18567 | Lair:3   | Noticed a five-headed hydra
 18574 | Lair:3   | Killed a five-headed hydra
 18928 | Lair:3   | Reached XP level 13. HP: 59/118 MP: 22/26
 19933 | Lair:3   | Reached skill level 10 in Spellcasting
 19938 | Lair:3   | HP: 22/118 [poisoned by a water moccasin]
 19943 | Lair:3   | HP: 16/118 [poisoned by a water moccasin]
 20811 | Lair:4   | Reached skill level 10 in Air Magic
 22454 | Lair:5   | Reached ***** piety under Sif Muna
 22457 | Lair:5   | Reached skill level 10 in Transmutations
 22938 | Lair:6   | Entered Level 6 of the Lair of Beasts
 22987 | Lair:6   | Found a gate leading to a gauntlet.
 23054 | Gauntlet | Entered a Gauntlet
 23054 | Gauntlet | Found a transporter.
 23148 | Gauntlet | Found a transporter.
 23161 | Gauntlet | Found a transporter.
 23166 | Gauntlet | Found a transporter.
 23181 | Gauntlet | Found a transporter.
 23185 | Gauntlet | Noticed a blizzard demon
 23202 | Gauntlet | Found a transporter.
 23214 | Gauntlet | Found a transporter.
 23226 | Gauntlet | Found a transporter.
 23238 | Gauntlet | Found a transporter.
 23246 | Gauntlet | Found a large runed translucent door.
 23247 | Gauntlet | Found a large runed translucent door.
 23248 | Gauntlet | Found a large runed translucent door.
 23248 | Gauntlet | Found a large runed translucent door.
 23249 | Gauntlet | Found a runed translucent gate.
 23250 | Gauntlet | Found a transporter.
 23250 | Gauntlet | Found a runed translucent gate.
 23251 | Gauntlet | Found a runed translucent gate.
 23252 | Gauntlet | Found a large runed translucent door.
 23252 | Gauntlet | Found a large runed translucent door.
 23253 | Gauntlet | Found a large runed translucent door.
 23254 | Gauntlet | Found a large runed translucent door.
 23263 | Gauntlet | Found a large runed translucent door.
 23263 | Gauntlet | Found a large runed translucent door.
 23263 | Gauntlet | Found a runed translucent door.
 23263 | Gauntlet | Found a runed translucent door.
 23264 | Gauntlet | Found a large runed translucent door.
 23265 | Gauntlet | Found a large runed translucent door.
 23267 | Gauntlet | Found a transporter.
 23274 | Gauntlet | Found a large runed translucent door.
 23274 | Gauntlet | Found a large runed translucent door.
 23275 | Gauntlet | Found a large runed translucent door.
 23276 | Gauntlet | Found a large runed translucent door.
 23284 | Gauntlet | Found a transporter.
 23286 | Gauntlet | Found a transporter.
 23317 | Gauntlet | Found a transporter.
 23319 | Gauntlet | Found a transporter.
 23321 | Gauntlet | Found a transporter.
 23349 | Gauntlet | Found a transporter.
 23357 | Gauntlet | Found a transporter.
 23442 | Gauntlet | Identified the amulet "Ciorril" {Reflect Rampage SH+5}
 23796 | Gauntlet | Reached XP level 14. HP: 108/127 MP: 18/28
 23829 | Gauntlet | Identified the -2 hat of Rahoymn {Harm rC- Dex+4}
 24128 | Gauntlet | Identified the +8 plate armour of Meralean {rPois Dex+4}
 24386 | Lair:6   | Received a gift from Sif Muna
 25200 | Lair:6   | Identified the +5 spear "Mijo Fim" {chaos, rElec Str+2
                  | Int-3 Dex+8}
 25302 | Lair:6   | Received a gift from Sif Muna
 25310 | Lair:6   | Got Sif Muna's Early Guide to Witchery {god gift}
 25432 | Lair:6   | Found a viscous altar of Jiyva.
 25433 | Lair:6   | Found a staircase to the Slime Pits.
 26185 | Lair:6   | Reached XP level 15. HP: 133/133 MP: 19/29
 26502 | Lair:6   | Learned a level 7 spell: Storm Form
 27490 | D:11     | Reached skill level 1 in Unarmed Combat
 27635 | D:11     | Found a glowing golden altar of the Shining One.
 27973 | D:11     | Noticed Urug
 27981 | D:11     | Killed Urug
 29206 | D:12     | Found Zahomaha's Distillery.
 29216 | D:12     | Bought a potion of magic for 104 gold pieces
 29216 | D:12     | Bought 2 potions of heal wounds for 130 gold pieces
 29216 | D:12     | Bought a potion of heal wounds for 65 gold pieces
 29530 | Orc:1    | Entered Level 1 of the Orcish Mines
 29530 | Orc:1    | Found Reaty's Distillery.
 29536 | Orc:1    | Bought a potion of flight for 48 gold pieces
 29536 | Orc:1    | Bought a potion of invisibility for 128 gold pieces
 29536 | Orc:1    | Bought a potion of heal wounds for 80 gold pieces
 29539 | Orc:1    | Bought a potion of resistance for 160 gold pieces
 29606 | Orc:1    | Noticed Maurice
 29616 | Orc:1    | Killed Maurice
 29887 | Orc:1    | HP: 23/133 [orc knight (16)]
 29888 | Orc:1    | HP: 11/133 [deep elf zephyrmancer/bolt of lightning (12)]
 31184 | Orc:1    | Found a runed translucent door.
 31454 | Orc:1    | Noticed SweetAndFullOfGrace's ghost (journeyman MiBe)
 31467 | Orc:2    | Entered Level 2 of the Orcish Mines
 31482 | Orc:2    | Received a gift from Sif Muna
 31524 | Orc:2    | Noticed Saint Roka
 31805 | Orc:2    | Killed Saint Roka
 31806 | Orc:2    | Reached skill level 5 in Unarmed Combat
 32193 | Orc:2    | Got Sif Muna's Grimoire of the Volcanoes and Moulding {god
                  | gift}
 32204 | Orc:2    | Noticed Sonja
 32212 | Orc:2    | Killed Sonja
 32520 | Orc:2    | Noticed Azrael
 32790 | Orc:1    | HP: 26/133 [Azrael (8)]
 32791 | Orc:1    | Killed Azrael
 33776 | Orc:2    | Noticed Snorg
 33789 | Orc:2    | Killed Snorg
 33801 | Orc:2    | Received a gift from Sif Muna
 33802 | Orc:2    | Got Sif Muna's Guide on Flying Moulding {god gift}
 33909 | Orc:2    | Found a staircase to the Elven Halls.
 34509 | Orc:2    | Reached XP level 16. HP: 76/141 MP: 13/30
 34734 | Orc:2    | Found Vuptostri's General Store.
 34734 | Orc:2    | Found Zuamewic's Armour Shoppe.
 34735 | Orc:2    | Found Tosysac's Magic Scroll Shoppe.
 34735 | Orc:2    | Found Qarhofra's General Store.
 34916 | Orc:2    | Upgraded the game from 0.28.0 to 0.28.0-1-gb440e238dd
 35025 | Orc:2    | Bought a potion of heal wounds for 85 gold pieces
 35025 | Orc:2    | Bought a scroll of teleportation for 51 gold pieces
 35025 | Orc:2    | Bought a potion of curing for 51 gold pieces
 35025 | Orc:2    | Bought a potion of haste for 170 gold pieces
 35027 | Orc:2    | Bought a scroll of fear for 45 gold pieces
 35027 | Orc:2    | Bought a scroll of teleportation for 39 gold pieces
 35027 | Orc:2    | Bought a scroll of magic mapping for 45 gold pieces
 35027 | Orc:2    | Bought a scroll of fog for 26 gold pieces
 35027 | Orc:2    | Bought a scroll of identify for 26 gold pieces
 35108 | Orc:1    | Bought a potion of invisibility for 128 gold pieces
 35108 | Orc:1    | Bought a potion of curing for 48 gold pieces
 35108 | Orc:1    | Bought a potion of might for 64 gold pieces
 35108 | Orc:1    | Bought 2 potions of curing for 96 gold pieces
 35108 | Orc:1    | Bought a potion of curing for 48 gold pieces
 35108 | Orc:1    | Bought a potion of mutation for 128 gold pieces
 35108 | Orc:1    | Bought a potion of curing for 48 gold pieces
 35108 | Orc:1    | Bought a potion of curing for 48 gold pieces
 35211 | D:13     | Found Kaboum's Antique Weapon Shoppe.
 35231 | D:13     | Found a frozen archway.
 35403 | IceCv    | Entered an ice cave
 35457 | IceCv    | HP: 25/141 [rime drake/flash freeze (16)]
 37557 | D:13     | Found Xaluith's Self-Improvement Boutique.
 37793 | D:13     | Found a bloodstained altar of Trog.
 37793 | D:13     | Noticed Sanktem7's ghost (journeyman MiFi)
 37795 | D:13     | Found a transporter.
 37813 | D:13     | Found a transporter.
 37949 | D:13     | Noticed Josephine
 37976 | D:13     | Killed Josephine
 38611 | D:14     | Found a portal to a secret trove of treasure.
 39096 | D:14     | HP: 23/141 [+7 long sword (22)]
 39096 | D:14     | HP: 9/141 [+7 long sword (14)]
 39106 | D:14     | Slain by a +7 long sword

Illustrated notes

Levels and vault maps discovered:
D:1:      lightli_arrival_chessboard, layout_rooms, basic_ecumenical_altar,
          chequers_serial_rivers_micro_c, grunt_decor_mini_mirrors,
          chequers_serial_rivers_small_b
D:2:      layout_loops_cross, minmay_strange_pillars, kennysheep_generic_room_2,
          uniq_terence, uniq_sigmund
D:3:      layout_rooms, grunt_gozag_statues
D:4:      layout_basic, mainiacjoe_overflow_small_starburst,
          minmay_temple_entry_nine_rooms, minmay_fire_ice_demons,
          uniq_crazy_yiuf_cottage, uniq_natasha
D:5:      layout_cave_pools, fiery_altar_vehumet, mainiacjoe_overflow_paths,
          grunt_ministairs_12, chequers_serial_rivers_micro_a,
          minmay_hollow_rounded_squares, uniq_duvessa, uniq_blork_the_orc
D:6:      layout_loops_cross, nicolae_hepliaklqana_hippocampus, uniq_menkaure,
          uniq_edmund, uniq_maggie
D:7:      layout_layer_cave, nicolae_overflow_hallway_of_the_gods, uniq_harold
D:8:      layout_rooms, kiku_gazebo_pond_becter, slow_altar_1, serial_shops,
          nicolae_stop_n_shop_2, enter_ossuary_3
D:9:      layout_roguey
D:10:     layout_roguey, fedhas_altar_2, dpeg_lair_monsters, orc_0_dummy,
          serial_corexii_hall, corexii_hall_statues_t, corexii_hall_statues_u
D:11:     layout_loops_ring, palyth_stone_intersect, minmay_misc_feat_pillars,
          nicolae_tso_carved_into_rock, uniq_urug
D:12:     layout_grid_maze, serial_shops, nicolae_lakefront_shop
D:13:     layout_gridville, portal_ice_cave_entry_pillars_1,
          gammafunk_ghost_wrathful_warriors, serial_shops,
          nicolae_stop_n_shop_1, solitary_fountain, corexii_leaking_fountain,
          nicolae_shop_self_help, uniq_josephine
D:14:     layout_rooms, erik_vaults_1, enter_trove_0,
          biasface_ghost_orc_armoury, serial_shops, kennysheep_mini,
          minmay_misc_feat_rows, minmay_shattered_shrine
Temple:   corrupted_temple
Lair:1:   layout_loops_ring, chequers_serial_rivers_small_3,
          nicolae_quartered_pool_little, serial_bayou_shore_a,
          grunt_megastairs_4, uniq_gastronok
Lair:2:   layout_hall_layers, minmay_swamp_entry_worms,
          minmay_snake_entry_guardpost_medium, st_stairs_9, lemuel_fruit_fields,
          infiniplex_staircase_pool
Lair:3:   cheibrodos_magma_flow, layout_hall_layers, beast_lair_carwin_10,
          infiniplex_staircase_pool_2
Lair:4:   layout_roguey, minivault_25
Lair:5:   wander_river, layout_cellular_growth, grunt_megastairs_2
Lair:6:   evilmike_catoblepas_cave, layout_loops_ring, slime_altar_1,
          gauntlet_entry_generic, lemuel_fruit_fields
Orc:1:    layout_caves, serial_shops, shop, ebering_ghost_inner_flame,
          nicolae_orc_damp_corner, elves_outpost_lemuel, uniq_maurice
Orc:2:    st_orc_pillars, layout_caves, uniq_snorg, uniq_sonja, uniq_saint_roka,
          uniq_azrael

Skill      XL: |  1  2  3  4  5  6  7  8  9 10 11 12 13 14 15 16 |
---------------+-------------------------------------------------+-----
Fighting       | 1 2 4 5 |  5.0
Spellcasting   | 3 4 5 6 8 9 10 | 10.5
Summonings     | 4 5 6 7 9 |  9.2
Invocations    | 2 4 5 |  5.0
Air Magic      | 3 5 7 9 11 13 14 | 14.6
Translocations | 1 4 7 8 9 |  9.0
Transmutations | 1 4 7 8 10 12 13 14 | 14.3
Unarmed Combat | 6 9 |  9.2
Dodging        | |  1.7
Stealth        | |  1.4

Action                   |  1- 3 |  4- 6 |  7- 9 | 10-12 | 13-15 | 16-18 || total
-------------------------+-------+-------+-------+-------+-------+-------++-------
Melee: Unarmed           |    21 |       |       |       |   273 |    15 ||   309
       Short sword       |    33 |       |       |       |       |       ||    33
       Spear             |    28 |    60 |   136 |   330 |   331 |    65 ||   950
       Punch             |       |       |       |     2 |    13 |     1 ||    16
       Whip              |       |       |       |     4 |       |       ||     4
Throw: Throwing net      |       |       |     1 |       |       |       ||     1
       Stone             |       |       |     1 |    10 |       |       ||    11
       Dart              |       |       |       |     1 |    10 |     3 ||    14
       Large rock        |       |       |       |     1 |       |     1 ||     2
 Cast: Summon Small Mamm |    28 |     8 |    30 |     9 |       |       ||    75
       Call Imp          |     9 |    12 |    25 |    18 |    11 |       ||    75
       Call Canine Famil |     2 |    16 |    27 |    57 |    83 |    39 ||   224
       Summon Guardian G |       |       |     9 |    31 |    83 |    38 ||   161
       Summon Lightning  |       |       |     2 |    90 |    99 |    38 ||   229
       Manifold Assault  |       |       |       |    14 |    75 |     5 ||    94
       Airstrike         |       |       |       |       |     7 |       ||     7
       Storm Form        |       |       |       |       |    18 |     1 ||    19
       Blink             |       |       |       |       |     1 |       ||     1
 Abil: Blinkbolt         |       |       |       |       |     2 |       ||     2
Evoke: Wand              |       |       |     9 |     6 |     5 |       ||    20
       Box of beasts     |       |       |       |       |     1 |       ||     1
       Tin of tremorston |       |       |       |       |     4 |       ||     4
       Lightning rod     |       |       |       |       |     5 |     5 ||    10
  Use: Scroll            |       |     2 |     8 |    14 |     4 |     3 ||    31
       Potion            |       |       |     1 |       |     2 |     5 ||     8
 Stab: Sleeping          |     4 |     1 |       |     3 |     1 |       ||     9
       Distracted        |       |       |       |    14 |     5 |     3 ||    22
       Petrified         |       |       |       |       |     1 |       ||     1
Armor: Robe              |    31 |    10 |    32 |     1 |     3 |       ||    77
       Steam dragon scal |       |       |       |   108 |   144 |    11 ||   263
       Skin              |       |       |       |       |    64 |     2 ||    66
       Ice dragon scales |       |       |       |       |       |    12 ||    12
Dodge: Dodged            |    48 |    17 |    92 |   241 |   297 |    38 ||   733
